 Dungeon Crawl Stone Soup version 0.28-a0-1545-g945cd3f27e (webtiles) character file.

Game seed: 6882671905095981048

89 BritishOli the Skirmisher (level 4, -1/36 HPs)
             Began as a Demonspawn Monk on Jan 18, 2022.
             Slain by an orc (5 damage)
             ... on level 4 of the Dungeon.
             The game lasted 00:01:39 (3163 turns).

BritishOli the Skirmisher (Demonspawn Monk)         Turns: 3163, Time: 00:01:40

Health: -1/36      AC:  2    Str: 13    XL:     4   Next: 31%
Magic:  4/4        EV: 13    Int: 12    God:
Gold:   166        SH:  0    Dex: 15    Spells: 3/3 levels left

rFire   . . .      SeeInvis .   a - +0 falchion
rCold   . . .      Faith    .   (no shield)
rNeg    . . .      Spirit   .   b - +0 robe
rPois   .          Reflect  .   (helmet restricted)
rElec   .          Harm     .   (no cloak)
rCorr   .          Rampage  .   (no gloves)
Will    .....                   (no boots)
Stlth   +.........              (no amulet)
HPRegen 0.12/turn               (no ring)
MPRegen 0.09/turn               (no ring)

@: confused
A: antennae 1, demonic guardian 1
a: no special abilities


You were on level 4 of the Dungeon.
You visited 1 branch of the dungeon, and saw 4 of its levels.

You collected 166 gold pieces.

Inventory:

Hand Weapons
 a - a +0 falchion (weapon)
Armour
 b - a +0 robe (worn)
Jewellery
 g - a ring of see invisible
Scrolls
 c - 3 scrolls of teleportation {unknown}
 f - 2 scrolls of enchant armour {unknown}
 i - a scroll of fog {unknown}
 j - 3 scrolls of identify {unknown}
Potions
 d - a potion of magic {unknown}
 e - a potion of mutation {unknown}
 h - 2 potions of might {unknown}
 k - a potion of degeneration {unknown}


   Skills:
 + Level 3.6 Fighting
 + Level 3.3 Long Blades
 + Level 1.1 Armour
 + Level 3.2 Dodging
 - Level 2.1 Stealth


You had 3 spell levels left.
You didn't know any spells.
Your spell library contained the following spells:

 Spells                   Type           Power      Damage    Failure   Level
 Slow                     Hex            0%         N/A       32%         1
 Sublimation of Blood     Necr           0%         N/A       45%         2
 Wereblood                Tmut           0%         N/A       45%         2
 Confusing Touch          Hex            0%         N/A       69%         3
 Vampiric Draining        Necr           0%         2d6       69%         3
 Summon Hydra             Summ           0%         N/A       100%        7


Dungeon Overview and Level Annotations

Branches:
Dungeon (4/15)
 Temple: D:4-7

Altars:


Innate Abilities, Weirdness & Mutations

You have a pair of small antennae on your head.
A weak demonic guardian rushes to your aid.


Message History

* * * LOW HITPOINT WARNING * * *
You swap places.
Your quasit completely misses the orc.
Your quasit claws the orc but does no damage. x2
Your white imp gestures at the orc.
The puff of frost hits the orc!
The orc dies!
The orc hits your white imp with a +0 dagger.
Your quasit closely misses the orc.
Your quasit barely misses the orc.
Your quasit claws the orc but does no damage.
Something closely misses your white imp.
The orc misses your quasit.
Your quasit bites the orc but does no damage.
Your quasit claws the orc but does no damage.
Your quasit closely misses the orc.
Your white imp hits the orc.
Your white imp freezes the orc.
The orc hits your white imp with a +0 dagger.
Something barely misses your white imp.
The orc hits your white imp with a +0 whip.
Your quasit bites the orc but does no damage.
Your quasit claws the orc but does no damage. x2
Your white imp hits the orc.
The orc dies!
Your white imp disappears in a puff of smoke!
Your quasit closely misses the orc.
Your quasit claws the orc but does no damage.
Your quasit completely misses the orc.
There is a stone staircase leading up here.
Your quasit barely misses the orc.
Your quasit claws the orc.
Your quasit closely misses the orc.
The orc hits your quasit with a +0 mace.
Your quasit bites the orc.
The orc dies!
The orc wizard points at you and mumbles some strange words.
You are confused.
Your quasit bites the scorpion.
Your quasit claws the scorpion but does no damage. x2
The scorpion closely misses your quasit.
The orc barely misses you. The orc hits you with a +0 whip.
You die...

## #.###
##...# ###.
#.... #....
##...## #.....
#...@.##...(..
##...o........
#....s.....##.
###..#.5...#
#...#).o.#
#....)...#
##...........
............>
#.............


You could see a scorpion, an orc wizard, an orc (ally target) and a friendly
quasit (summoned).

Vanquished Creatures
  3 adders
  2 worms (D:2)
  A dart slug (D:1)
  A ball python (D:2)
  5 endoplasms
  3 giant cockroaches
  3 goblins
  2 hobgoblins
  3 jackals (D:1)
  5 quokkas
  4 bats
  3 frilled lizards
  4 kobolds
  5 rats
44 creatures vanquished.

Vanquished Creatures (collateral kills)
  4 orcs
4 creatures vanquished.

Grand Total: 48 creatures vanquished

Notes
Turn   | Place    | Note
-------+----------+-------------------------------------------
     0 | D:1      | BritishOli the Demonspawn Monk began the quest for the Orb.
     0 | D:1      | Reached XP level 1. HP: 18/18 MP: 1/1
   161 | D:1      | Found a faded altar of an unknown god.
   257 | D:1      | Gained mutation: You have a pair of small antennae on your
                  | head. [demonic ancestry]
   257 | D:1      | Reached XP level 2. HP: 18/24 MP: 2/2
  1420 | D:2      | Gained mutation: A weak demonic guardian rushes to your
                  | aid. [demonic ancestry]
  1420 | D:2      | Reached XP level 3. HP: 29/29 MP: 3/3
  2143 | D:3      | Reached skill level 1 in Armour
  2367 | D:3      | Reached XP level 4. HP: 35/35 MP: 4/4
  3145 | D:4      | Noticed a scorpion
  3163 | D:4      | Slain by an orc

Illustrated notes

Levels and vault maps discovered:
D:1:      grunt_arrival_crossed_arrows, layout_basic,
          shapermc_ecumenical_altar_mp_ritualfount
D:2:      layout_loops_ring
D:3:      layout_basic, hex_tiny
D:4:      layout_cave_pools, portal_sewer_entry_f

Skill      XL: |  1  2  3 |
---------------+----------+-----
Stealth        | 2 |  2.1
Long Blades    | 3 |  3.3
Dodging        | 3 |  3.2
Armour         | 1 |  1.1
Fighting       | |  3.6

Action                   |  1- 3 |  4- 6 || total
-------------------------+-------+-------++-------
Melee: Falchion          |   108 |    48 ||   156
       Punch             |     2 |     2 ||     4
 Stab: Sleeping          |     8 |     3 ||    11
Armor: Robe              |    17 |     4 ||    21
Dodge: Dodged            |    74 |    51 ||   125

Table legend: (Time is in decaauts)
 A = Elapsed time spent in this place.
 B = Non-inter-level travel time spent in this place.
 C = Inter-level travel time spent in this place.
 D = Time resting spent in this place.
 E = Time spent auto-exploring this place.
 F = Levels seen in this place.
 G = Mean time per level.
                   A        B        C        D        E       F      G
               +--------+--------+--------+--------+--------+-----+--------+
         Total |   3185 |   3091 |     94 |    326 |   2363 |   4 |  796.2 |
       Dungeon |   3185 |   3091 |     94 |    326 |   2363 |   4 |  796.2 |
               +--------+--------+--------+--------+--------+-----+--------+

Top non-repeatable levels by time:
     D:2: 1095 daAuts
     D:1: 1051 daAuts
     D:3: 1016 daAuts
     D:4: 21 daAuts
